 Dungeon Crawl Stone Soup version 0.29.0-4-gdea44cf6ec (webtiles) character file.

Game seed: 76744150274402969

56 Flugkiller the Covered (level 3, -2/33 HPs)
             Began as a Minotaur Fighter on Aug 27, 2022.
             Slain by a gnoll
             ... wielding a +0 flail
              (8 damage)
             ... on level 2 of the Dungeon.
             The game lasted 00:00:21 (848 turns).

Flugkiller the Covered (Minotaur Fighter)            Turns: 848, Time: 00:00:22

Health: -2/33      AC:  7    Str: 20    XL:     3   Next: 71%
Magic:  2/2        EV:  9    Int:  5    God:
Gold:   53         SH:  4    Dex: 11    Spells: 2/2 levels left

rFire   . . .      SeeInvis .   a - +0 war axe
rCold   . . .      Faith    .   c - +0 buckler
rNeg    . . .      Spirit   .   b - +0 scale mail
rPois   .          Reflect  .   (helmet restricted)
rElec   .          Harm     .   (no cloak)
rCorr   .          Rampage  .   (no gloves)
Will    .....                   (no boots)
Stlth   ..........              (no amulet)
HPRegen 0.11/turn               (no ring)
MPRegen 0.08/turn               (no ring)

@: lethally poisoned (-2 -> -9)
A: horns 2, retaliatory headbutt
a: no special abilities


You were on level 2 of the Dungeon.
You visited 1 branch of the dungeon, and saw 2 of its levels.

You collected 53 gold pieces.

Inventory:

Hand Weapons
 a - a +0 war axe (weapon)
Armour
 b - a +0 scale mail (worn)
 c - a +0 buckler (worn)
Scrolls
 h - a scroll of teleportation {unknown}
Potions
 d - a potion of might
 e - a potion of flight {unknown}
 f - a potion of mutation {unknown}
 g - a potion of lignification {unknown}
 i - a potion of curing {unknown}


   Skills:
 + Level 4.2 Fighting
 * Level 3.9 Axes
 + Level 4.2 Armour
 - Level 3.6 Shields


You had 2 spell levels left.
You didn't know any spells.
Your spell library was empty.

Dungeon Overview and Level Annotations

Branches:
Dungeon (2/15)

Altars:


Innate Abilities, Weirdness & Mutations

You have a pair of horns on your head.
You reflexively headbutt those who attack you in melee.


Message History

The adder bites you but does no damage.
An adder is nearby!
You miss the adder. Your headbutt misses the adder.
The adder is severely wounded.
The adder closely misses you. The adder bites you but does no damage.
An adder is nearby!
You hit the adder.
The adder is almost dead.
The adder barely misses you. The adder bites you.
You miss the adder.
The adder is almost dead.
The adder bites you but does no damage. x2
An adder is nearby!
You hit the adder.
You kill the adder!
You have reached level 3!
Your experience leads to an increase in your attributes!
Increase (s)trength, (i)ntelligence, or (d)exterity?
You feel agile. x2
HP restored.
A bat comes into view.
The bat moves out of view.
Found a scroll labelled XOTIGU DOAR and a book of Armaments.
A bat is nearby!
You slash the bat!
You kill the bat!
No target in view!
No target in view!
No target in view!
No target in view!
h - a scroll labelled XOTIGU DOAR You see here a book of Armaments.
A bat comes into view.
You block the bat's attack.
You barely miss the bat. You block the bat's attack.
You hit the bat.
You kill the bat!
No target in view!
No target in view!
No target in view!
No target in view!
i - a coppery potion You open the door.
There is an open door here.
Found a stone staircase leading down.
You now have 53 gold pieces (gained 12).
A gnoll comes into view. It is wielding a +0 spear.
Found 7 gold pieces.
The gnoll shouts!
You hear a shout!
The gnoll moves out of view.
A gnoll comes into view. It is wielding a +0 club.
A gnoll comes into view. It is wielding a +0 flail.
The gnoll shouts! x2
The gnoll throws a stone.
The stone hits you but does no damage.
A gnoll comes into view. It is wielding a +1 whip of venom.
The gnoll shouts!
You hit the gnoll but do no damage. You block the gnoll's attack.
You barely miss the gnoll. You headbutt the gnoll.
The gnoll is moderately wounded.
A hobgoblin comes into view.
You hit the gnoll. You headbutt the gnoll.
You kill the gnoll!
The gnoll barely misses you.
You hit the gnoll.
The gnoll is heavily wounded.
The gnoll barely misses you. You block the gnoll's attack.
You barely miss the gnoll.
The gnoll is heavily wounded.
The gnoll closely misses you.
You hit the gnoll but do no damage. Your headbutt misses the gnoll.
The gnoll is heavily wounded.
You closely miss the gnoll. The gnoll hits you but does no damage.
The gnoll barely misses you. x2
The gnoll hits you with a +1 whip of venom.
You are poisoned.
The gnoll hits you from afar with a +0 spear.
The gnoll hits you with a +0 flail!
You slash the gnoll!
You kill the gnoll!
You closely miss the gnoll.
You feel very sick.
The gnoll hits you from afar with a +0 spear.
* * * LOW HITPOINT WARNING * * *
You are too injured to fight recklessly!
You are too injured to fight recklessly!
You are too injured to fight recklessly!
You are too injured to fight recklessly!
You are too injured to fight recklessly!
You are too injured to fight recklessly!
You are too injured to fight recklessly!
You are too injured to fight recklessly!
You are too injured to fight recklessly!
You are too injured to fight recklessly!
You are too injured to fight recklessly!
Unknown command.
The gnoll attacks as you move away! The gnoll hits you with a +0 flail.
* * * LOW HITPOINT WARNING * * *
x2 You feel sick.
The gnoll attacks as you move away! The gnoll hits you with a +0 flail!
You die...

.# .# .# ##.# #..#
########## #..#
.........########..#
########........@g.#
.....###########..)#
####..# #.#g#
#####.## #.#.g.
.##....### #.#.#...
.........##
.....####
.........># .....
........#....
......#
#'##....#####
......#


You could see 2 gnolls and a hobgoblin.

Vanquished Creatures
  2 gnolls (D:2)
  An adder (D:2)
  9 endoplasms
  A giant cockroach (D:1)
  4 goblins (D:1)
  A hobgoblin (D:1)
  A quokka (D:1)
  A ball python (D:2)
  4 bats
  A rat (D:1)
25 creatures vanquished.

Vanquished Creatures (others)
  A plant (D:1)
1 creature vanquished.

Grand Total: 26 creatures vanquished

Notes
Turn   | Place    | Note
-------+----------+-------------------------------------------
     0 | D:1      | Flugkiller the Minotaur Fighter began the quest for the
                  | Orb.
     0 | D:1      | Reached XP level 1. HP: 19/19 MP: 0/0
   104 | D:1      | Reached XP level 2. HP: 27/27 MP: 1/1
   696 | D:2      | Reached XP level 3. HP: 24/33 MP: 2/2
   848 | D:2      | Slain by a gnoll

Illustrated notes

Levels and vault maps discovered:
D:1:      dpeg_arrival_water_temple_mockup, layout_loops_ring,
          serial_bayou_pond_a
D:2:      layout_rooms, serial_shops, nicolae_shop_behind_doors, st_stairs_2,
          dk_noncrumbling_2

Skill      XL: |  1  2 |
---------------+-------+-----
Axes           | 3 |  3.9
Armour         | 4 |  4.2
Fighting       | 4 |  4.2
Shields        | |  3.6

Action                   || total
-------------------------++-------
Melee: War axe           ||    53
       Headbutt          ||     8
Armor: Scale mail        ||    28
Dodge: Dodged            ||    24
Block: Buckler           ||    11
